ORI
MISSISSIPPI STATE UNIVERSITY BULLDOGS @ UNIVERSITY OF ALABAMA CRIMSON TIDE
10/16/2046
 
TOP OF THE 1ST
Mississippi State University Bulldogs batting - Pitching for University of Alabama Crimson Tide : RHP Homer Pappayiorgas
Pitching: RHP Homer Pappayiorgas
Batting: LHB Ricardo Ramos 0-0: Ground out U3 (Groundball, 13, EV 93.1 MPH)
Batting: RHB Alvin Abarca 0-0: Called Strike
0-1: Fly out, F8 (Flyball, 8LD, EV 86.2 MPH)
Batting: LHB Danny Shanahan 0-0: Hit by Pitch
Batting: RHB Josh Stene 0-0: Reached on error, E4 (Groundball, 34, EV 93.1 MPH)
Danny Shanahan to second
Batting: RHB Alexis Gallegos 0-0: Ball
1-0: Foul Ball, location: 2F
1-1: Foul Ball, location: 2F
1-2: Strikes out swinging
Top of the 1st over - 0 runs, 0 hits, 1 error, 2 left on base; Mississippi State University 0 - University of Alabama 0
BOTTOM OF THE 1ST
University of Alabama Crimson Tide batting - Pitching for Mississippi State University Bulldogs : RHP Willie Berumen
Pitching: RHP Willie Berumen
Batting: LHB Danny Schultz 0-0: Fly out, F9 (Flyball, 9D, EV 104.4 MPH)
Batting: LHB Eddie Corona 0-0: Foul Ball, location: 2F
0-1: Foul Ball, location: 2F
0-2: Ball
1-2: Ball
2-2: SINGLE (Line Drive, 5, EV 96.9 MPH)
Batting: RHB Eric Kilmer 0-0: Ball
Wild Pitch!
Eddie Corona to second
1-0: Ground out 1-3 (Groundball, 34S, EV 70.0 MPH)
Eddie Corona to third
Batting: RHB Tony Vasquez 0-0: DOUBLE (Line Drive, 9LS, EV 100.0 MPH)
Eddie Corona scores
Batting: RHB Matt Williams 0-0: Foul Ball, location: 2F
0-1: Ball
1-1: Ball
Passed Ball!
Tony Vasquez to third
2-1: Swinging Strike
2-2: Foul Ball, location: 2F
2-2: Foul Ball, location: 2F
2-2: Ball
3-2: Fly out, F4 (Popup, 23, EV 76.2 MPH)
Bottom of the 1st over - 1 run, 2 hits, 0 errors, 1 left on base; Mississippi State University 0 - University of Alabama 1
TOP OF THE 2ND
Mississippi State University Bulldogs batting - Pitching for University of Alabama Crimson Tide : RHP Homer Pappayiorgas
Batting: LHB Vinnie Kalman 0-0: Called Strike
0-1: Called Strike
0-2: Fly out, F7 (Flyball, 7D, EV 80.0 MPH)
Batting: RHB Oscar Vargas 0-0: Called Strike
0-1: Ball
1-1: Foul Ball, location: 2F
1-2: Foul Ball, location: 2F
1-2: Strikes out swinging, 2-3 out at first.
Batting: RHB Bill Petipas 0-0: SINGLE (Groundball, 6M, EV 95.6 MPH) (infield hit)
Batting: RHB Josh Simmons 0-0: SINGLE (Groundball, 56D, EV 96.9 MPH)
Bill Petipas to second
Batting: LHB Ricardo Ramos 0-0: Foul Ball, location: 2F
0-1: Swinging Strike
0-2: Ball
1-2: Strikes out looking
Top of the 2nd over - 0 runs, 2 hits, 0 errors, 2 left on base; Mississippi State University 0 - University of Alabama 1
BOTTOM OF THE 2ND
University of Alabama Crimson Tide batting - Pitching for Mississippi State University Bulldogs : RHP Willie Berumen
Batting: LHB Brian Van 0-0: Ball
1-0: Fly out, F8 (Flyball, 8LM, EV 85.6 MPH)
Batting: LHB Robby Ramires 0-0: Foul Ball, location: 2F
0-1: Swinging Strike
0-2: Strikes out swinging
Batting: RHB B.J. Clark 0-0: Called Strike
0-1: Swinging Strike
0-2: Strikes out swinging
Bottom of the 2nd over - 0 runs, 0 hits, 0 errors, 0 left on base; Mississippi State University 0 - University of Alabama 1
TOP OF THE 3RD
Mississippi State University Bulldogs batting - Pitching for University of Alabama Crimson Tide : RHP Homer Pappayiorgas
Batting: RHB Alvin Abarca 0-0: Called Strike
0-1: Foul Ball, location: 2F
0-2: Ball
1-2: Foul Ball, location: 2F
1-2: Ball
2-2: Ball
3-2: Foul Ball, location: 2F
3-2: Ground out 5-3 (Groundball, 56, EV 110.0 MPH)
Batting: LHB Danny Shanahan 0-0: Called Strike
0-1: Foul Ball, location: 2F
0-2: Foul Ball, location: 2F
0-2: Ball
1-2: Ball
2-2: Ball
3-2: Foul Ball, location: 2F
3-2: Base on Balls
Batting: RHB Josh Stene 0-0: Called Strike
0-1: Swinging Strike
0-2: Strikes out swinging
Batting: RHB Alexis Gallegos 0-0: Fly out, F6 (Popup, 6S, EV 78.1 MPH)
Top of the 3rd over - 0 runs, 0 hits, 0 errors, 1 left on base; Mississippi State University 0 - University of Alabama 1
BOTTOM OF THE 3RD
University of Alabama Crimson Tide batting - Pitching for Mississippi State University Bulldogs : RHP Willie Berumen
Batting: RHB Gustavo Delgado 0-0: Ground out 5-3 (Groundball, 56S, EV 85.0 MPH)
Batting: LHB Danny Schultz 0-0: Ball
1-0: Ground out 6-3 (Groundball, 6, EV 88.8 MPH)
Batting: LHB Eddie Corona 0-0: Ball
1-0: Ball
2-0: Called Strike
2-1: Fly out, F4 (Popup, 3S, EV 70.0 MPH)
Bottom of the 3rd over - 0 runs, 0 hits, 0 errors, 0 left on base; Mississippi State University 0 - University of Alabama 1
TOP OF THE 4TH
Mississippi State University Bulldogs batting - Pitching for University of Alabama Crimson Tide : RHP Homer Pappayiorgas
Batting: LHB Vinnie Kalman 0-0: Ball
1-0: Ground out 5-3 (Groundball, 25, EV 86.9 MPH)
Batting: RHB Oscar Vargas 0-0: Called Strike
0-1: Ball
1-1: Reached on error, E6 (Groundball, 6S, EV 86.2 MPH)
Batting: RHB Bill Petipas 0-0: Called Strike
0-1: Foul Ball, location: 2F
0-2: Foul Ball, location: 2F
0-2: Ball
1-2: Fly out, F6 (Line Drive, 6, EV 64.4 MPH)
Batting: RHB Josh Simmons 0-0: Ball
1-0: Foul Ball, location: 2F
1-1: Foul Ball, location: 2F
1-2: Strikes out swinging
Top of the 4th over - 0 runs, 0 hits, 1 error, 1 left on base; Mississippi State University 0 - University of Alabama 1
BOTTOM OF THE 4TH
University of Alabama Crimson Tide batting - Pitching for Mississippi State University Bulldogs : RHP Willie Berumen
Batting: RHB Eric Kilmer 0-0: Ball
1-0: Called Strike
1-1: Ball
2-1: Ball
3-1: Foul Ball, location: 2F
3-2: Foul Ball, location: 2F
3-2: Base on Balls
Batting: RHB Tony Vasquez 0-0: Foul Ball, location: 2F
0-1: SINGLE (Line Drive, 4MD, EV 94.4 MPH)
Eric Kilmer to second
Batting: RHB Matt Williams 0-0: Ball
1-0: Ball
2-0: Ball
3-0: Called Strike
3-1: Base on Balls
Eric Kilmer to third
Tony Vasquez to second
Batting: LHB Brian Van 0-0: Called Strike
0-1: Foul Ball, location: 2F
0-2: Strikes out swinging
Batting: LHB Robby Ramires 0-0: Ball
1-0: Fly out, F9 (Flyball, 9, EV 82.5 MPH)
Runner from 3rd tags up, SCORES, throw by RF
Batting: RHB B.J. Clark 0-0: Called Strike
0-1: Ball
1-1: Swinging Strike
1-2: Ball
2-2: Strikes out looking
Bottom of the 4th over - 1 run, 1 hit, 0 errors, 2 left on base; Mississippi State University 0 - University of Alabama 2
TOP OF THE 5TH
Mississippi State University Bulldogs batting - Pitching for University of Alabama Crimson Tide : RHP Homer Pappayiorgas
Batting: LHB Ricardo Ramos 0-0: Fly out, F8 (Line Drive, 8LM, EV 91.2 MPH)
Batting: RHB Alvin Abarca 0-0: Foul Ball, location: 2F
0-1: Ball
1-1: Fly out, F3 (Popup, 3, EV 56.2 MPH)
Batting: LHB Danny Shanahan 0-0: Foul Ball, location: 2F
0-1: Fly out, F8 (Flyball, 8LD, EV 90.6 MPH)
Top of the 5th over - 0 runs, 0 hits, 0 errors, 0 left on base; Mississippi State University 0 - University of Alabama 2
BOTTOM OF THE 5TH
University of Alabama Crimson Tide batting - Pitching for Mississippi State University Bulldogs : RHP Willie Berumen
Batting: RHB Gustavo Delgado 0-0: Ball
1-0: Ball
2-0: Foul Ball, location: 2F
2-1: Fly out, F8 (Line Drive, 89M, EV 95.6 MPH)
Batting: LHB Danny Schultz 0-0: Swinging Strike
0-1: Ground out 6-3 (Groundball, 6, EV 89.4 MPH)
Batting: LHB Eddie Corona 0-0: Ball
1-0: Ball
2-0: SINGLE (Groundball, 6MD, EV 99.4 MPH)
Batting: RHB Eric Kilmer 0-0: Ball
1-0: Ball
2-0: Ball
3-0: Base on Balls
Eddie Corona to second
Batting: RHB Tony Vasquez 0-0: Foul Ball, location: 2F
0-1: Foul Ball, location: 2F
0-2: Ball
1-2: Fly out, F9 (Flyball, 9LSF, EV 87.5 MPH)
Bottom of the 5th over - 0 runs, 1 hit, 0 errors, 2 left on base; Mississippi State University 0 - University of Alabama 2
TOP OF THE 6TH
Mississippi State University Bulldogs batting - Pitching for University of Alabama Crimson Tide : RHP Homer Pappayiorgas
Batting: RHB Josh Stene 0-0: Called Strike
0-1: Ball
1-1: Called Strike
1-2: Foul Ball, location: 2F
1-2: Ball
2-2: Ball
3-2: Base on Balls
Batting: RHB Alexis Gallegos 0-0: Called Strike
0-1: 2-RUN HOME RUN (Flyball, 7LD, EV 95.6 MPH), Distance : 352 ft
Batting: LHB Vinnie Kalman 0-0: Ball
1-0: Ground out U3 (Groundball, 34, EV 103.8 MPH)
Batting: RHB Oscar Vargas 0-0: Foul Ball, location: 2F
0-1: Foul Ball, location: 2F
0-2: Strikes out swinging
Batting: RHB Bill Petipas 0-0: Swinging Strike
0-1: Swinging Strike
0-2: Ball
1-2: Foul Ball, location: 2F
1-2: Ball
2-2: Ball
3-2: Strikes out swinging
Top of the 6th over - 2 runs, 1 hit, 0 errors, 0 left on base; Mississippi State University 2 - University of Alabama 2
BOTTOM OF THE 6TH
University of Alabama Crimson Tide batting - Pitching for Mississippi State University Bulldogs : RHP Willie Berumen
Batting: RHB Matt Williams 0-0: Ball
1-0: Ball
2-0: Foul Ball, location: 2F
2-1: Ball
3-1: Base on Balls
Batting: LHB Brian Van 0-0: Called Strike
0-1: Foul Ball, location: 2F
0-2: Ball
1-2: Fly out, F8 (Flyball, 8RD, EV 88.1 MPH)
Batting: LHB Robby Ramires 0-0: Reached on error, E6 (Groundball, 6M, EV 86.9 MPH)
Matt Williams to second
Batting: RHB B.J. Clark 0-0: Called Strike
0-1: Called Strike
0-2: Fly out, F8 (Flyball, 8LS, EV 93.1 MPH)
Batting: RHB Gustavo Delgado 0-0: Swinging Strike
0-1: Ball
1-1: Fielders Choice at 2nd, 6-4 (Groundball, 6, EV 81.2 MPH)
Bottom of the 6th over - 0 runs, 0 hits, 1 error, 2 left on base; Mississippi State University 2 - University of Alabama 2
TOP OF THE 7TH
Mississippi State University Bulldogs batting - Pitching for University of Alabama Crimson Tide : RHP Homer Pappayiorgas
Pitching: RHP Dave Bellah
Batting: RHB Josh Simmons 0-0: Called Strike
0-1: Called Strike
0-2: Ball
1-2: Ball
2-2: Strikes out swinging
Batting: LHB Ricardo Ramos 0-0: Ball
1-0: Foul Ball, location: 2F
1-1: Foul Ball, location: 2F
1-2: DOUBLE (Line Drive, 8LD, EV 96.9 MPH)
Batting: RHB Alvin Abarca 0-0: Ball
1-0: Ground out 4-3 (Groundball, 4, EV 83.8 MPH)
Ricardo Ramos to third
Batting: LHB Danny Shanahan 0-0: Reached on error, E6 (Groundball, 56, EV 82.5 MPH)
Ricardo Ramos scores
Pitching: RHP Ryan Kath
Batting: RHB Josh Stene 0-0: Ball
1-0: Foul Ball, location: 2F
1-1: Foul Ball, location: 2F
1-2: Foul Ball, location: 2F
1-2: Strikes out swinging
Top of the 7th over - 1 run, 1 hit, 1 error, 1 left on base; Mississippi State University 3 - University of Alabama 2
BOTTOM OF THE 7TH
University of Alabama Crimson Tide batting - Pitching for Mississippi State University Bulldogs : RHP Willie Berumen
Pinch Hitting: LHB Matt Barkley 0-0: Foul Ball, location: 2F
0-1: Called Strike
0-2: Ball
1-2: Ground out 4-3 (Groundball, 4, EV 103.8 MPH)
Batting: LHB Platon Protopsaltis 0-0: Ball
1-0: Called Strike
1-1: Ball
2-1: Ball
3-1: Swinging Strike
3-2: Foul Ball, location: 2F
3-2: Strikes out looking
Batting: RHB Eric Kilmer 0-0: Ball
1-0: Called Strike
1-1: Foul Ball, location: 2F
1-2: Ground out 5-3 (Groundball, 5, EV 102.5 MPH)
Bottom of the 7th over - 0 runs, 0 hits, 0 errors, 0 left on base; Mississippi State University 3 - University of Alabama 2
TOP OF THE 8TH
Mississippi State University Bulldogs batting - Pitching for University of Alabama Crimson Tide : RHP Ryan Kath
Now in CF: Joe Blackwood
Batting: RHB Alexis Gallegos 0-0: Called Strike
0-1: Ball
1-1: Foul Ball, location: 2F
1-2: Fly out, F8 (Flyball, 8RD, EV 92.5 MPH)
Pitching: RHP Devon Williams
Batting: LHB Vinnie Kalman 0-0: Fly out, F9 (Line Drive, 9LM, EV 105.0 MPH)
Batting: RHB Oscar Vargas 0-0: Called Strike
0-1: SINGLE (Groundball, 56D, EV 96.2 MPH)
Batting: RHB Bill Petipas 0-0: Ball
1-0: Fielders Choice at 2nd, 6-4 (Groundball, 6, EV 83.8 MPH)
Top of the 8th over - 0 runs, 1 hit, 0 errors, 1 left on base; Mississippi State University 3 - University of Alabama 2
BOTTOM OF THE 8TH
University of Alabama Crimson Tide batting - Pitching for Mississippi State University Bulldogs : RHP Willie Berumen
Pinch Hitting: RHB Hughie Withers 0-0: Ball
1-0: Ball
2-0: Ball
3-0: Base on Balls
Pinch Hitting: LHB Dallas Shaw 0-0: Ball
1-0: Fielders Choice at 2nd, 5-4 (Groundball, 5, EV 101.2 MPH)
Pinch Hitting: RHB Juan Araiza 0-0: Ball
1-0: Ball
2-0: Bunt missed!
2-1: Bunt missed!
2-2: Foul Ball, location: 2F
2-2: SINGLE (Groundball, 4D, EV 101.9 MPH)
Dallas Shaw to second
Runner from 2nd tries for 3rd, SAFE, throw by RF made to third
Pinch Hitting: LHB Yu-shu Ni 0-0: Called Strike
0-1: Grounds into double play, 4-6-3 (Groundball, 4, EV 86.2 MPH)
Bottom of the 8th over - 0 runs, 1 hit, 0 errors, 1 left on base; Mississippi State University 3 - University of Alabama 2
TOP OF THE 9TH
Mississippi State University Bulldogs batting - Pitching for University of Alabama Crimson Tide : RHP Devon Williams
Now at 2B: B.J. Clark
Now at 3B: Dallas Shaw
Now at SS: Hughie Withers
Now in LF: Yu-shu Ni
Now in RF: John Hicken
Batting: RHB Josh Simmons 0-0: Called Strike
0-1: Foul Ball, location: 2F
0-2: Foul Ball, location: 2F
0-2: Ball
1-2: Ball
2-2: Ball
3-2: Strikes out swinging
Batting: LHB Ricardo Ramos 0-0: Fly out, F9 (Flyball, 89D, EV 80.6 MPH)
Batting: RHB Alvin Abarca 0-0: Called Strike
0-1: Foul Ball, location: 2F
0-2: Ball
1-2: SINGLE (Groundball, 6MD, EV 98.1 MPH)
Batting: LHB Danny Shanahan 0-0: Swinging Strike
0-1: Ball
1-1: Ball
2-1: Foul Ball, location: 2F
2-2: Ball
3-2: Foul Ball, location: 2F
3-2: Strikes out swinging
Top of the 9th over - 0 runs, 1 hit, 0 errors, 1 left on base; Mississippi State University 3 - University of Alabama 2
BOTTOM OF THE 9TH
University of Alabama Crimson Tide batting - Pitching for Mississippi State University Bulldogs : RHP Willie Berumen
Pinch Hitting: RHB Fernando Reyes 0-0: Ball
1-0: Swinging Strike
1-1: Ball
2-1: Ball
3-1: Base on Balls
Pinch Hitting: LHB Adam Antico 0-0: Bunt missed!
0-1: Sac Bunt to 23 - play at first, batter OUT! 3-4
Fernando Reyes to second
Batting: LHB Joe Blackwood 0-0: Ball
1-0: Called Strike
1-1: Swinging Strike
1-2: SINGLE (Groundball, 2L, EV 70.6 MPH) (infield hit)
Fernando Reyes to third
Batting: LHB Platon Protopsaltis 0-0: Ball
1-0: Ball
Joe Blackwood steals 2nd base
2-0: Intentional Walk
Pinch Hitting: RHB Onorato Zacagnini 0-0: Swinging Strike
0-1: Ball
1-1: Foul Ball, location: 2F
1-2: Strikes out looking
Batting: RHB Hughie Withers 0-0: Hit by Pitch
Fernando Reyes scores
Joe Blackwood to third
Platon Protopsaltis to second
Batting: LHB Dallas Shaw 0-0: Ball
1-0: Ground out U3 (Groundball, 3, EV 88.8 MPH)
Bottom of the 9th over - 1 run, 1 hit, 0 errors, 3 left on base; Mississippi State University 3 - University of Alabama 3
TOP OF THE 10TH
Mississippi State University Bulldogs batting - Pitching for University of Alabama Crimson Tide : RHP Devon Williams
Pitching: RHP Marco Soto
Now at C: Larry Brown
Now at 1B: Onorato Zacagnini
Now at 2B: Rodrik Gardner
Batting: RHB Josh Stene 0-0: Called Strike
0-1: Ball
1-1: SINGLE (Line Drive, 89S, EV 103.1 MPH)
Batting: RHB Alexis Gallegos 0-0: Ball
Josh Stene is caught stealing 2nd base 2-4
1-0: Foul Ball, location: 2F
1-1: Ball
2-1: Foul Ball, location: 2F
2-2: TRIPLE (Line Drive, 78XD, EV 106.2 MPH)
Batting: LHB Vinnie Kalman 0-0: Intentional Walk
Pinch Hitting: RHB Benjamin Alderdice 0-0: Ball
1-0: Called Strike
Vinnie Kalman steals 2nd base (no throw)
1-1: Intentional Walk
Pinch Hitting: RHB Chris Everett 0-0: Ball
1-0: Grounds into fielders choice 6-2 (Groundball, P, EV 83.8 MPH)
Vinnie Kalman to third
Benjamin Alderdice to second
Batting: RHB Josh Simmons 0-0: Called Strike
0-1: Swinging Strike
0-2: Strikes out swinging
Top of the 10th over - 0 runs, 2 hits, 0 errors, 3 left on base; Mississippi State University 3 - University of Alabama 3
BOTTOM OF THE 10TH
University of Alabama Crimson Tide batting - Pitching for Mississippi State University Bulldogs : RHP Willie Berumen
Now at C: Chris Everett
Now at 1B: Benjamin Alderdice
Pinch Hitting: SHB Andrew Robison 0-0: Swinging Strike
0-1: Ball
1-1: Ball
2-1: Ball
3-1: SINGLE (Flyball, 56D, EV 95.0 MPH)
Pinch Hitting: RHB Jong-your Lee 0-0: Called Strike
Andrew Robison steals 2nd base
0-1: Ball
1-1: Bunt missed!
1-2: Ball
2-2: Foul Ball, location: 2F
2-2: Ball
3-2: Foul Ball, location: 2F
3-2: Foul Ball, location: 2F
3-2: Base on Balls
Pitching: RHP Fernando Montoya
Batting: RHB Rodrik Gardner 0-0: Bunted foul
0-1: Called Strike
Andrew Robison steals 3rd base
Jong-your Lee to second
0-2: Ball
1-2: Foul Ball, location: 2F
1-2: Ball
2-2: Ball
3-2: Base on Balls
Batting: RHB Larry Brown 0-0: Ball
1-0: Swinging Strike
1-1: Foul Ball, location: 2F
1-2: Foul Ball, location: 2F
1-2: Foul Ball, location: 2F
1-2: Strikes out swinging
Batting: LHB Joe Blackwood 0-0: Called Strike
0-1: Swinging Strike
0-2: Grounds into fielders choice 4-2 (Groundball, 4, EV 89.4 MPH)
Jong-your Lee to third
Rodrik Gardner to second
Batting: LHB Platon Protopsaltis 0-0: Ball
1-0: Called Strike
1-1: Ball
2-1: Swinging Strike
2-2: Strikes out swinging
Bottom of the 10th over - 0 runs, 1 hit, 0 errors, 3 left on base; Mississippi State University 3 - University of Alabama 3
TOP OF THE 11TH
Mississippi State University Bulldogs batting - Pitching for University of Alabama Crimson Tide : RHP Marco Soto
Pitching: RHP Francisco Rodriquez
Now in LF: Al Lara
Now in RF: Andrew Robison
Batting: LHB Ricardo Ramos 0-0: Ball
1-0: Swinging Strike
1-1: Ball
2-1: Foul Ball, location: 2F
2-2: Strikes out looking
Batting: RHB Alvin Abarca 0-0: Swinging Strike
0-1: Foul Ball, location: 2F
0-2: Ground out 4-3 (Groundball, 4, EV 86.2 MPH)
Batting: LHB Danny Shanahan 0-0: Ball
1-0: Swinging Strike
1-1: Ball
2-1: Foul Ball, location: 2F
2-2: Ball
3-2: Foul Ball, location: 2F
3-2: Foul Ball, location: 2F
3-2: Strikes out swinging
Top of the 11th over - 0 runs, 0 hits, 0 errors, 0 left on base; Mississippi State University 3 - University of Alabama 3
BOTTOM OF THE 11TH
University of Alabama Crimson Tide batting - Pitching for Mississippi State University Bulldogs : RHP Fernando Montoya
Batting: RHB Onorato Zacagnini 0-0: Swinging Strike
0-1: Ball
1-1: Ball
2-1: Called Strike
2-2: Strikes out swinging
Batting: RHB Hughie Withers 0-0: Called Strike
0-1: Fly out, F7 (Flyball, 78M, EV 95.6 MPH)
Batting: LHB Dallas Shaw 0-0: Called Strike
0-1: Ball
1-1: Foul Ball, location: 2F
1-2: Foul Ball, location: 2F
1-2: Ball
2-2: SOLO HOME RUN (Flyball, 89XD, EV 98.1 MPH), Distance : 398 ft
Bottom of the 11th over - 1 run, 1 hit, 0 errors, 0 left on base; Mississippi State University 3 - University of Alabama 4
Tuesday, September 13th , 2022 - OOTP Baseball 23.7 Build 88